cohdb
Replays
Latest Replays
All Replays
Popular Replays
Top Player Replays
Match Explorer
How It Works
Community
CoH3 Stats
Reddit
Sign in to upload your games and track your stats! →
Sign in with Steam
Match 42775840
Unlisted
Match 42775840
Overview
Messages
Build Orders
End
Selects Italian Coastal Battlegroup
Selects Coastal Reserves
Coastal Reserve
Construct Infanterie Kompanie
Coastal Reserve
Medical Bunker
Selects Artillery Officer
Selects Artillery Officer
Artillery Officer
MG 42 Machine Gun Team
Coastal Reserve
MG 42 Machine Gun Team
Selects Support Bunkers
MG 42 Bunker
MG 42 Bunker
Selects Designated Artillery Overwatch
MG 42 Bunker
MG 42 Bunker
MG 42 Bunker
Coastal Reserve
Construct Panzergrenadier Kompanie
Designated Artillery Overwatch
Selects Obice da 210/22 Artillery Emplacement
MG 42 Bunker
Support Elements
Medical Bunker
MG 42 Bunker
Selects Bulwark
StuG III G Assault Gun
Designated Artillery Overwatch
StuG III G Assault Gun
Side Skirts
MG 42 Bunker
MG 42 Bunker
MG 42 Bunker
Designated Artillery Overwatch
MG 42 Bunker
Designated Artillery Overwatch
MG 42 Bunker
MG 42 Bunker
Designated Artillery Overwatch
Coastal Reserve
信仰万丈光芒
Koopa
Villain
伟大De玲珑心
Etgo
Hk
Jarkke
Setti-Veke
0
0
Comments
sign in to comment!
No comments posted yet!